 Dungeon Crawl Stone Soup version 0.31-a0-876-gfe8ebadbca (webtiles) character file.

Game seed: 238050421573916440

105 kae the Changeling (level 4, -1/34 HPs)
             Began as a Demigod Shapeshifter on Oct 13, 2023.
             Slain by a gnoll
             ... wielding a +0 club
              (4 damage)
             ... on level 2 of the Dungeon.
             The game lasted 00:02:19 (2069 turns).

kae the Changeling (Demigod Shapeshifter)           Turns: 2069, Time: 00:02:19

Health: -1/34      AC:  2    Str: 21    XL:     4   Next: 29%
Magic:  6/6        EV: 12    Int: 12    God:
Gold:   118        SH:  0    Dex: 17    Spells: 3/3 levels left

rFire   . .          .
                       - Unarmed
rCold   . . .        (no shield)
rNeg    + . .        a - +0 animal skin
rPois   .            (helmet currently unavailable)
rElec   .            (cloak currently unavailable)
rCorr   .            (gloves currently unavailable)
SInv    .            (boots currently unavailable)
Will    .....        (no amulet)
Stlth   ++           N - ring of positive energy
HPRegen 0.25/turn    S - +6 ring of strength
MPRegen 0.10/turn

%: no passive effects
@: beast-form
A: beast (slay +2), high MP 1, forlorn, divine attributes
a: Begin Untransformation


You were on level 2 of the Dungeon.
You were a hulking beast.
You visited 1 branch of the dungeon, and saw 2 of its levels.

You collected 118 gold pieces.


Innate Abilities, Weirdness & Mutations

You are a hulking beast.
Your limbs bulge with bestial killing power. (Slay +2)
You have an increased reservoir of magic. (+10% MP)
You shall have no god before yourself.
Your divine heritage dramatically boosts your attributes as you level up.


   Skills:
 - Level 0.8 Fighting
 - Level 1.7 Dodging
 + Level 3.5 Unarmed Combat
 * Level 4.0 Shapeshifting


You had 3 spell levels left.
You didn't know any spells.
Your spell library contained the following spells:

 Spells                   Type           Power      Damage    Failure   Level
 Summon Small Mammal      Summ           0%         N/A       32%         1
 Cigotuvi's Dreadful Rot  Necr/Pois/Air  0%         N/A       45%         2
 Call Canine Familiar     Summ           0%         N/A       69%         3
 Ignite Poison            Fire/Tmut/Pois 0%         N/A       69%         3
 Summon Guardian Golem    Hex/Summ       0%         N/A       69%         3
 Tukima's Dance           Hex            0%         N/A       69%         3
 Passage of Golubria      Tloc           0%         N/A       97%         4
 Freezing Cloud           Conj/Ice/Air   0%         6-21      100%        5
 Yara's Violent Unravell  Hex/Tmut       0%         3d3       100%        5

Inventory:

Missiles
 g - 12 stones
Armour
 a - a +0 animal skin (worn)
Magical Staves
 f - a staff of earth {!a}
   (You found it on level 1 of the Dungeon)
Jewellery
 F - a ring of protection from fire
   (You found it on level 2 of the Dungeon)
 N - a ring of positive energy (left hand)
   (You found it on level 1 of the Dungeon)
 S - a +6 ring of strength (right hand)
   (You found it on level 2 of the Dungeon)
Talismans
 c - a beast talisman (active)
 d - a flux talisman
Scrolls
 e - a scroll of fog
Potions
 b - a potion of lignification {!q}
 h - 2 potions of heal wounds {unknown}

Dungeon Overview and Level Annotations

Branches:
Dungeon (2/15) Zot: 9936

### #.#########
#.........#
########.#######.#
##### #.....†#.# #.#
....####.####.#.#
#.#
.......#...##.#.####
#.#
##..##.###.##.#.hg.#
#.# ##....#
#.##.####.#
#.)...... #.#..#
#.##.#..#.#
######### #.##.#
#.#...<.#g#
#.##.###.#######.#
#........#......g###
#..................#
#.#..#...#.#<)...#.#
#.#..#..##.#####.#.#


You could see a gnoll.


Message History

The ball python bites you but does no damage.
The ball python grabs you. The ball python constricts you.
You hit the ball python.
You kill the ball python!
Your Shapeshifting skill increases to level 4!
No target in view!
No target in view!
g - 12 stones (gained 7)
i - a scroll labelled XEX UDAACUCO
F - a ring of protection from fire Unknown command.
You now have 114 gold pieces (gained 16).
A gnoll comes into view.
It is wielding a +1 halberd of protection.
A gnoll is nearby!
A gnoll is nearby!
The gnoll shouts!
You hear a shout!
A goblin comes into view.
It is wielding a +2 dagger of protection.
A gnoll comes into view. It is wielding a +0 club.
As you read the scroll labelled XEX UDAACUCO, it crumbles to dust.
It is a scroll of enchant weapon.
You aren't carrying any weapons that can be enchanted.
You see here a dart slug corpse.
There is a stone staircase leading up here.
You hit the goblin. The goblin closely misses you.
You barely miss the goblin.
The goblin hits you with a +2 dagger of protection. 😕 HP[-5]
You take 5 damage, and now have 29/34 hp.
You hit the goblin but do no damage. The goblin hits you but does no damage.
You hit the goblin.
You kill the goblin!
The gnoll hits you from afar with a +1 halberd of protection!
* * * LOW HITPOINT WARNING * * *
😨 HP[-15]
You take 15 damage, and now have 14/34 hp.
MASSIVE DAMAGE!! (PAUSE)
The gnoll barely misses you.
You climb upwards.
There is a stone staircase leading down here.
Unknown command. 😨 HP[+1]
You start resting. 😕 HP[+13]
You regained 13 hp, and now have 28/34 hp.
You start resting. 😎 HP[+6]
Your hp is fully restored (34).
Things that are here:
a +0 dagger; a goblin skeleton
There is a stone staircase leading down, spattered with blood here.
You climb downwards.
There is a stone staircase leading up, spattered with blood here.
Things that are here:
a +0 helmet; a +0 animal skin; a +0 short sword
There is a stone staircase leading up here.
You see here a +2 dagger of protection.
You now have 118 gold pieces (gained 4).
A goblin comes into view. It is wielding a +0 club.
The goblin shouts!
A goblin is nearby!
A goblin is nearby!
A goblin is nearby!
You barely miss the goblin. The goblin barely misses you.
You punch the goblin!
You kill the goblin!
No target in view!
No target in view!
Search for what [? for help]? helm A gnoll comes into view.
It is wielding a +0 flail.
There are no items here.
The gnoll shouts!
You hit the gnoll but do no damage. The gnoll hits you with a +0 flail.
You hit the gnoll.
The gnoll hits you with a +0 flail. 😕 HP[-6]
You take 6 damage, and now have 28/34 hp.
You hit the gnoll but do no damage. You punch the gnoll.
The gnoll hits you with a +0 flail.
You hit the gnoll. You punch the gnoll.
You kill the gnoll! 😮 HP[-4]
You take 4 damage, and now have 24/34 hp.
You hit the gnoll. The gnoll hits you with a +0 club!
* * * LOW HITPOINT WARNING * * *
You are too injured to fight recklessly! 😨 HP[-8]
You take 8 damage, and now have 16/34 hp.
MASSIVE DAMAGE!! (PAUSE)
You completely miss the gnoll. The gnoll hits you with a +0 club!
* * * LOW HITPOINT WARNING * * *
😱 HP[-9]
You take 9 damage, and now have 7/34 hp.
MASSIVE DAMAGE!! (PAUSE)
You barely miss the gnoll. The gnoll hits you with a +0 club.
* * * LOW HITPOINT WARNING * * *
😱 HP[-4]
You take 4 damage, and now have 3/34 hp.
Unknown command.
You barely miss the gnoll. The gnoll hits you with a +0 club.
You die...

Skill      XL: |  1  2  3  4 |
---------------+-------------+-----
Shapeshifting  | 3 4 |  4.0
Unarmed Combat | 3 |  3.5
Fighting       | |  0.8
Dodging        | |  1.7

Action                     |  1- 3 |  4- 6 || total
---------------------------+-------+-------++-------
  Melee: Unarmed           |   170 |    30 ||   200
         Punch             |     4 |     2 ||     6
    Use: Scroll            |     1 |     1 ||     2
   Stab: Sleeping          |     1 |       ||     1
 Armour: Animal skin       |    96 |    16 ||   112
  Dodge: Dodged            |   128 |    13 ||   141

Levels and vault maps discovered:
D:1:      dpeg_arrival_ratfight, layout_basic
D:2:      kb_forest_paths, layout_basic,
          hellmonk_ecumenical_altar_pennies_from_heaven,
          guppyfry_early_lair_pool, uniq_robin

Notes
Turn   | Place    | Note
-------+----------+-------------------------------------------
     0 | D:1      | kae the Demigod Shapeshifter began the quest for the Orb.
     0 | D:1      | Reached XP level 1. HP: 15/15 MP: 3/3
     0 | D:1      | magus.rc [v1.11.3]
   112 | D:1      | Reached skill level 3 in Shapeshifting
   211 | D:1      | Reached XP level 2. HP: 19/22 MP: 4/4
   285 | D:1      | Reached skill level 3 in Unarmed Combat
   547 | D:1      | You add the spells Tukima's Dance, Passage of Golubria and
                  | Yara's Violent Unravelling to your library.
   627 | D:1      | You pick up a book of Callings and begin reading...
   627 | D:1      | You add the spells Summon Small Mammal, Call Canine
                  | Familiar and Summon Guardian Golem to your library.
   797 | D:1      | Reached XP level 3. HP: 20/27 MP: 5/5
   978 | D:2      | Noticed Robin
  1149 | D:2      | Killed Robin
  1234 | D:2      | You add the spells Cigotuvi's Dreadful Rot, Ignite Poison
                  | and Freezing Cloud to your library.
  1318 | D:2      | HP: 6/27 [poisoned by an adder]
  1562 | D:2      | Reached XP level 4. HP: 21/34 MP: 6/6
  1712 | D:2      | Reached skill level 4 in Shapeshifting
  2067 | D:2      | HP: 7/34 [gnoll/+0 club (9)]
  2068 | D:2      | HP: 3/34 [gnoll/+0 club (4)]
  2069 | D:2      | Slain by a gnoll

Vanquished Creatures
  Robin (D:2)
  A gnoll (D:2)
  An adder (D:2)
  A worm (D:2)
  2 dart slugs (D:2)
  5 endoplasms
  A giant cockroach (D:1)
  14 goblins
  8 hobgoblins
  3 jackals (D:1)
  3 quokkas
  6 ball pythons
  5 bats
  4 frilled lizards
  8 rats
63 creatures vanquished.

Table legend:
 A = Non-vault XP
 B = Vault XP
 C = Vault XP percentage of total XP
 D = Non-vault monster count
 E = Vault monster count
 F = Vault count percentage of total count
                 A         B        C        D         E       F
            +---------+---------+-------+---------+---------+-------
      Total |     106 |      44 |  29.3 |      44 |      19 |  30.2
            +---------+---------+-------+---------+---------+-------
        D:1 |      47 |      17 |  26.6 |      28 |      12 |  30.0
        D:2 |      59 |      27 |  31.4 |      16 |       7 |  30.4
            +---------+---------+-------+---------+---------+-------

Skill      XL: |  1  2  3  4 |
---------------+-------------+-----
Shapeshifting  | 3 4 |  4.0
Unarmed Combat | 3 |  3.5
Fighting       | |  0.8
Dodging        | |  1.7

Action                     |  1- 3 |  4- 6 || total
---------------------------+-------+-------++-------
  Melee: Unarmed           |   170 |    30 ||   200
         Punch             |     4 |     2 ||     6
    Use: Scroll            |     1 |     1 ||     2
   Stab: Sleeping          |     1 |       ||     1
 Armour: Animal skin       |    96 |    16 ||   112
  Dodge: Dodged            |   128 |    13 ||   141

Illustrated notes

Table legend:
 A = Kills in this place as a percentage of kills in the entire game.
 B = Kills by you in this place as a percentage of kills by you in the entire game.
 C = Kills by friends in this place as a percentage of kills by friends in the entire game.
 D = Other kills in this place as a percentage of other kills in the entire game.
 E = Experience gained in this place as a percentage of experience gained in the entire game.
 F = Experience gained in this place divided by the number of levels of this place that you have seen.
                   A       B       C       D       E      F
               +-------+-------+-------+-------+-------+----------------------
         Total | 100.0 | 100.0 |   N/A |   N/A | 100.0 |  75.0
       Dungeon | 100.0 | 100.0 |   N/A |   N/A | 100.0 |  75.0
               +-------+-------+-------+-------+-------+----------------------

Table legend: (Time is in decaauts)
 A = Elapsed time spent in this place.
 B = Non-inter-level travel time spent in this place.
 C = Inter-level travel time spent in this place.
 D = Time resting spent in this place.
 E = Time spent auto-exploring this place.
 F = Levels seen in this place.
 G = Mean time per level.
                   A        B        C        D        E       F      G
               +--------+--------+--------+--------+--------+-----+--------+
         Total |   2063 |   1992 |     71 |    425 |   1052 |   2 | 1031.5 |
       Dungeon |   2063 |   1992 |     71 |    425 |   1052 |   2 | 1031.5 |
               +--------+--------+--------+--------+--------+-----+--------+

Top non-repeatable levels by time:
     D:1: 1207 daAuts
     D:2: 855 daAuts
